 Dungeon Crawl Stone Soup version 0.28.0-47-ge53b351184 (console) character file.

Game seed: 5454102695681669573

746 Faeu the Skirmisher (level 7, -3/63 HPs)
             Began as a Minotaur Fighter on May 2, 2022.
             Killed from afar by a steam dragon (16 damage)
             ... with a ball of steam
             ... on level 6 of the Dungeon.
             The game lasted 00:09:06 (3453 turns).

Faeu the Skirmisher (Minotaur Fighter)              Turns: 3453, Time: 00:09:06

Health: -3/63      AC:  8    Str: 22    XL:     7   Next: 48%
Magic:  6/6        EV:  9    Int:  5    God:
Gold:   99         SH: 10    Dex: 10    Spells: 6/6 levels left

rFire   . . .      SeeInvis .   a - +0 war axe {axe}
rCold   . . .      Faith    .   c - +0 buckler
rNeg    . . .      Spirit   .   b - +0 scale mail
rPois   .          Reflect  +   (helmet restricted)
rElec   .          Harm     .   (no cloak)
rCorr   .          Rampage  .   l - +0 pair of gloves
Will    .....                   (no boots)
Stlth   ..........              f - amulet of reflection
HPRegen 0.20/turn               (no ring)
MPRegen 0.10/turn               (no ring)

@: no status effects
A: horns 2, retaliatory headbutt
a: no special abilities


You were on level 6 of the Dungeon.
You visited 1 branch of the dungeon, and saw 6 of its levels.

You collected 99 gold pieces.


Innate Abilities, Weirdness & Mutations

You have a pair of horns on your head.
You reflexively headbutt those who attack you in melee.


   Skills:
 + Level 6.1 Fighting
 + Level 5.4 Axes
 + Level 6.1 Armour
 + Level 6.1 Shields


You had 6 spell levels left.
You didn't know any spells.
Your spell library contained the following spells:

 Spells                   Type           Power      Damage    Failure   Level
 Sandblast                Erth           0%         2d4       86%         1
 Passwall                 Tmut/Erth      0%         N/A       94%         2
 Stone Arrow              Conj/Erth      0%         3d7       99%         3

Inventory:

Hand Weapons
 a - a +0 war axe (weapon) {axe}
 j - a +0 vampiric whip {mace}
   (You took it off a kobold on level 1 of the Dungeon)
Armour
 b - a +0 scale mail (worn)
 c - a +0 buckler (worn)
 l - a +0 pair of gloves (worn)
   (You found it on level 3 of the Dungeon)
Jewellery
 f - an amulet of reflection (around neck)
   (You found it on level 1 of the Dungeon)
Scrolls
 g - 4 scrolls of blinking {unknown}
 h - a scroll of fog {unknown}
 k - a scroll of torment {unknown}
 n - 2 scrolls of teleportation {unknown}
Potions
 d - a potion of might
 e - 2 potions of invisibility {unknown}
 i - a potion of lignification {unknown}
 m - a potion of curing {unknown}
 o - a potion of haste {unknown}
 p - 3 potions of brilliance {unknown}
 q - a potion of resistance {unknown}
 r - a potion of flight {unknown}

Dungeon Overview and Level Annotations

Branches:
Dungeon (6/15)
 Temple: D:4-7

Altars:
Trog

Shops:
D:5 *

Annotations:
D:3 Pargi

........ ...... . #.#.##.#
#.#..##. .. >##.#.##.#
#.#.......... ...
..#.#.##.####.#..###....##..##
.##..........................#
.##...........................
............................#
.##.#.##..####.............###
.##.#.##......................
.....โ€ ###.####..####....# .##
.##.#.# #.# #..@ยงD.....####.$..#
.##.#.# #.# #..####.............
.##.#.###.####..####....####..)..
.....................#..# ##.
.#......................#
.#..#.....##....####.#..#
.....................#..####..#
................##.###.........
.#..#.###..........####.####..#
.#..............##.............
................#######.#####..


You could see a steam dragon (catching breath).


Message History

There is a stone staircase leading down here.
A killer bee zombie comes into view.
The killer bee zombie hits you.
You block the killer bee zombie's attack. ๐Ÿ˜• HP[-3]
You take 3 damage, and now have 60/63 hp.
You slash the killer bee zombie!
The killer bee zombie hits you but does no damage.
The killer bee zombie barely misses you.
You furiously retaliate!
You headbutt the killer bee zombie!
You destroy the killer bee zombie! ๐Ÿ˜• HP[+1] ๐Ÿ˜• HP[+1] ๐Ÿ˜Ž HP[+1]
Things that are here:
a +0 mace {mace}; a +0 giant club {mace} Done exploring.
(D) Dungeon
Where to? (Enter - D:3, ? - help)
Things that are here:
a +0 mace {mace}; a +0 giant club {mace}
There is a stone staircase leading down here.
You climb downwards.
The white imp shouts!
There is a stone staircase leading up here.
A white imp is nearby!
You slash the white imp!
You kill the white imp!
A bullfrog skeleton comes into view.
You see here a +0 leather armour.
You block the bullfrog skeleton's attack.
You hit the bullfrog skeleton. You headbutt the bullfrog skeleton!
You block the bullfrog skeleton's attack.
You slash the bullfrog skeleton!
The bullfrog skeleton barely misses you.
The bullfrog skeleton hits you. ๐Ÿ˜• HP[-1]
You take 1 damage, and now have 62/63 hp.
You hit the bullfrog skeleton.
You destroy the bullfrog skeleton! ๐Ÿ˜Ž HP[+1]
A hound comes into view.
The hound barks!
You slash the hound! You block the hound's attack.
The hound bites you. ๐Ÿ˜• HP[-2]
You take 2 damage, and now have 61/63 hp.
You closely miss the hound. You headbutt the hound.
You kill the hound!
You see here a hound corpse. ๐Ÿ˜• HP[+1] ๐Ÿ˜Ž HP[+1]
You now have 99 gold pieces (gained 15).
r - a murky coppery potion A steam dragon comes into view.
The steam dragon hisses angrily.
You block the steam dragon's attack. x2
You barely miss the steam dragon. You block the steam dragon's attack.
The steam dragon claws you but does no damage.
You closely miss the steam dragon. The steam dragon breathes steam at you.
The ball of steam misses you.
You hit the steam dragon.
You are engulfed in a cloud of scalding steam.
The steam dragon bites you!
The steam dragon claws you but does no damage.
You block the steam dragon's attack.
The steam dragon claws you but does no damage. ๐Ÿ˜• HP[-14]
You take 14 damage, and now have 49/63 hp.
MASSIVE DAMAGE!! (PAUSE)
You barely miss the steam dragon.
You are engulfed in a cloud of scalding steam.
You block the steam dragon's attack. The steam dragon closely misses you.
You hit the steam dragon but do no damage.
You headbutt the steam dragon.
You are engulfed in a cloud of scalding steam.
You block the steam dragon's attack.
The steam dragon claws you but does no damage. ๐Ÿ˜ฎ HP[-10]
You take 10 damage, and now have 39/63 hp.
You closely miss the steam dragon. Your headbutt misses the steam dragon.
You are engulfed in a cloud of scalding steam.
The steam dragon bites you!
* * * LOW HITPOINT WARNING * * *
The steam dragon claws you.
* * * LOW HITPOINT WARNING * * *
๐Ÿ˜จ HP[-14]
You take 14 damage, and now have 25/63 hp.
MASSIVE DAMAGE!! (PAUSE)
The steam dragon breathes steam at you. The ball of steam hits you!
* * * LOW HITPOINT WARNING * * *
๐Ÿ˜ฑ HP[-13]
You take 13 damage, and now have 12/63 hp.
MASSIVE DAMAGE!! (PAUSE) ๐Ÿ˜ฑ HP[+1]
There is a stone staircase leading up here.
The steam dragon breathes steam at you. The ball of steam hits you!
You die...

Skill      XL: |  1  2  3  4  5  6  7 |
---------------+----------------------+-----
Fighting       | 4 5 6 |  6.1
Armour         | 4 5 6 |  6.1
Shields        | 4 5 6 |  6.1
Axes           | 3 4 5 |  5.4

Action                   |  1- 3 |  4- 6 |  7- 9 || total
-------------------------+-------+-------+-------++-------
Melee: War axe           |    67 |    86 |    17 ||   170
       Headbutt          |     8 |    10 |     3 ||    21
Armor: Scale mail        |    33 |    53 |     7 ||    93
Dodge: Dodged            |    45 |    33 |     6 ||    84
Block: Buckler           |    18 |    37 |    11 ||    66

Levels and vault maps discovered:
D:1:      tarquinn_simple_flora_water_a, layout_basic
D:2:      kb_forest_paths, layout_loops_corners, uniq_sigmund
D:3:      layout_loops_corners, uniq_crazy_yiuf_cottage, uniq_pargi
D:4:      minmay_diamond_boxcup, layout_cave_pools
D:5:      layout_basic, lemuel_doored_altar, nicolae_take_the_stairs,
          grunt_decor_arrowhead
D:6:      layout_basic, mainiacjoe_overflow_24_doors,
          minmay_temple_entry_statues_fountains, nicolae_figureground_sparkle

Notes
Turn   | Place    | Note
-------+----------+-------------------------------------------
     0 | D:1      | Faeu the Minotaur Fighter began the quest for the Orb.
     0 | D:1      | Reached XP level 1. HP: 19/19 MP: 0/0
     0 | D:1      | magus.rc [v1.9.6]
    90 | D:1      | Reached XP level 2. HP: 22/27 MP: 1/1
   417 | D:1      | You pick up a book of Geomancy and begin reading...
   417 | D:1      | You add the spells Sandblast, Passwall and Stone Arrow to
                  | your library.
   451 | D:1      | Reached skill level 4 in Fighting
   451 | D:1      | Reached skill level 4 in Armour
   451 | D:1      | Reached skill level 4 in Shields
  1001 | D:3      | Reached skill level 3 in Axes
  1001 | D:3      | Reached XP level 3. HP: 30/33 MP: 2/2
  1242 | D:3      | You pick up a book of Geomancy and begin reading...
  1392 | D:3      | Noticed Pargi
  1513 | D:5      | Entered Level 5 of the Dungeon
  1715 | D:5      | Noticed an ogre
  1740 | D:5      | Killed an ogre
  1741 | D:5      | Reached XP level 4. HP: 20/41 MP: 3/3
  1933 | D:5      | Reached XP level 5. HP: 47/47 MP: 4/4
  2014 | D:5      | Reached skill level 4 in Axes
  2086 | D:5      | Found a bloodstained altar of Trog.
  2105 | D:5      | Reached skill level 5 in Fighting
  2105 | D:5      | Reached skill level 5 in Armour
  2105 | D:5      | Reached skill level 5 in Shields
  2183 | D:5      | Found Uhaehism's General Store.
  2323 | D:5      | Noticed a sky beast
  2375 | D:5      | Killed a sky beast
  2376 | D:5      | Reached XP level 6. HP: 44/56 MP: 5/5
  2854 | D:5      | Noticed a water moccasin
  2862 | D:5      | Reached skill level 5 in Axes
  2862 | D:5      | Reached XP level 7. HP: 45/62 MP: 6/6
  2866 | D:5      | Reached skill level 6 in Fighting
  2866 | D:5      | Reached skill level 6 in Armour
  2866 | D:5      | Reached skill level 6 in Shields
  2872 | D:5      | HP: 15/63 [poisoned by a water moccasin]
  3433 | D:6      | Noticed a steam dragon
  3444 | D:6      | HP: 12/63 [steam dragon/ball of steam (14)]
  3453 | D:6      | Killed from afar by a steam dragon

Vanquished Creatures
  A water moccasin (D:5)
  A sky beast (D:5)
  A black bear (D:5)
  An ogre (D:5)
  A scorpion (D:5)
  A water moccasin zombie (D:5)
  A bullfrog skeleton (D:6)
  A bullfrog zombie (D:5)
  2 hounds
  2 iguanas (D:5)
  A killer bee zombie (D:5)
  A hound skeleton (D:5)
  3 adders
  A white imp (D:6)
  An ufetubus (D:5)
  A worm (D:4)
  An orc (D:5)
  3 ball pythons
  6 bats
  4 endoplasms
  2 goblins (D:1)
  A hobgoblin (D:1)
  9 kobolds
  A frilled lizard (D:1)
  6 rats
53 creatures vanquished.

Table legend:
 A = Non-vault XP
 B = Vault XP
 C = Vault XP percentage of total XP
 D = Non-vault monster count
 E = Vault monster count
 F = Vault count percentage of total count
                 A         B        C        D         E       F
            +---------+---------+-------+---------+---------+-------
      Total |    1067 |       0 |   0.0 |      53 |       0 |   0.0
            +---------+---------+-------+---------+---------+-------
        D:1 |      32 |       0 |   0.0 |      20 |       0 |   0.0
        D:2 |       2 |       0 |   0.0 |       2 |       0 |   0.0
        D:3 |      22 |       0 |   0.0 |       8 |       0 |   0.0
        D:4 |       8 |       0 |   0.0 |       3 |       0 |   0.0
        D:5 |     910 |       0 |   0.0 |      17 |       0 |   0.0
        D:6 |      93 |       0 |   0.0 |       3 |       0 |   0.0
            +---------+---------+-------+---------+---------+-------

Illustrated notes

Table legend:
 A = Kills in this place as a percentage of kills in entire the game.
 B = Kills by you in this place as a percentage of kills by you in the entire game.
 C = Kills by friends in this place as a percentage of kills by friends in the entire game.
 D = Other kills in this place as a percentage of other kills in the entire game.
 E = Experience gained in this place as a percentage of experience gained in the entire game.
 F = Experience gained in this place divided by the number of levels of this place that you have seen.
                   A       B       C       D       E      F
               +-------+-------+-------+-------+-------+----------------------
         Total | 100.0 | 100.0 |   N/A |   N/A | 100.0 | 177.8
       Dungeon | 100.0 | 100.0 |   N/A |   N/A | 100.0 | 177.8
               +-------+-------+-------+-------+-------+----------------------

Table legend: (Time is in decaauts)
 A = Elapsed time spent in this place.
 B = Non-inter-level travel time spent in this place.
 C = Inter-level travel time spent in this place.
 D = Time resting spent in this place.
 E = Time spent auto-exploring this place.
 F = Levels seen in this place.
 G = Mean time per level.
                   A        B        C        D        E       F      G
               +--------+--------+--------+--------+--------+-----+--------+
         Total |   3509 |   3451 |     58 |    611 |   1743 |   6 |  584.8 |
       Dungeon |   3509 |   3451 |     58 |    611 |   1743 |   6 |  584.8 |
               +--------+--------+--------+--------+--------+-----+--------+

Top non-repeatable levels by time:
     D:5: 1834 daAuts
     D:1: 667 daAuts
     D:3: 624 daAuts
     D:2: 160 daAuts
     D:6: 138 daAuts
     D:4: 83 daAuts
